Map: [ESL] Post-Youth

Players

Cure

  • Race: Terran Terran
  • Spawn Location: 7:00

Classic - Winner!

  • Race: Protoss Protoss
  • Spawn Location: 1:00

Event: ESL Spring 2024 Finals

VOD

Have the link to the VOD?

Description

Time

  • Played on: June 1, 2024, 1:24 p.m.
  • Length: 17:42

All games in this series

Show
View Real Time Build Order
Export as new Build Order

Cure Terran 

Build Orders: Gas First Reaper Expand 

Get SALT Encoding   

  12  0:00  SCV  
  13  0:12  SCV  
  14  0:17  Supply Depot  
  14  0:24  SCV  
  14  0:28  Refinery  
  15  0:39  SCV  
  16  0:45  Barracks  
  16  0:51  SCV  
  17  1:03  SCV  
  18  1:15  SCV  
  19  1:31  Orbital Command  
  19  1:32  Reaper  
  20  1:43  Command Center  
  20  1:54  Factory  
  20  1:58  SCV  
  21  2:06  Refinery, Barracks Reactor  
  21  2:10  SCV  
  22  2:16  Supply Depot  
  22  2:22  SCV  
  23  2:38  SCV  
  23  2:39  Starport  
  24  2:46  Widow Mine  
  24  2:48  Widow Mine  
  24  2:50  SCV  
  29  2:55  Orbital Command  
  29  3:02  SCV  
  30  3:11  Cyclone x2  
  33  3:14  SCV  
  34  3:20  Viking  
  34  3:21  SCV  
  34  3:26  SCV  
  38  3:33  Supply Depot  
  38  3:34  SCV  
  39  3:38  SCV  
  40  3:42  Refinery  
  40  3:43  Cyclone  
  40  3:45  Cyclone  
  40  3:47  SCV  
  45  3:50  SCV  
  45  3:54  Viking  
  48  4:00  SCV  
  48  4:01  Supply Depot  
  48  4:02  SCV  
  50  4:04  Barracks Tech Lab  
  50  4:12  SCV  
  50  4:14  SCV  
  50  4:15  Barracks  
  52  4:25  SCV, Barracks  
  52  4:26  Liberator  
  52  4:27  SCV  
  57  4:31  Siege Tank  
  57  4:36  Supply Depot  
  57  4:37  SCV  
  61  4:39  SCV  
  62  4:47  Supply Depot  
  62  4:57  SCV, Marine x2  
  65  5:01  SCV  
  65  5:04  Barracks Tech Lab  
  66  5:09  Supply Depot, SCV  
  66  5:10  Siege Tank  
  66  5:11  Supply Depot, Engineering Bay  
  66  5:13  SCV  
  66  5:21  SCV  
  66  5:24  Marine, Viking x2  
  66  5:25  Barracks Tech Lab, SCV, Stimpack  
  73  5:29  Refinery, Barracks Reactor  
  73  5:33  SCV  
  74  5:37  SCV  
  74  5:39  Supply Depot  
  74  5:42  Marine  
  76  5:44  Supply Depot  
  76  5:46  Missile Turret  
  76  5:51  Marine  
  76  5:53  SCV x2  
  76  5:56  Viking  
  79  6:00  Marine, Viking  
  82  6:09  Missile Turret  
  81  6:12  Siege Tank  
  81  6:13  Missile Turret  
  81  6:15  Supply Depot  
  81  6:16  Combat Shield  
  84  6:19  Marauder  
  84  6:25  Marine x2, Marauder  
  90  6:32  Medivac  
  92  6:34  Viking  
  92  6:39  Supply Depot  
  94  6:41  SCV x2  
  93  6:49  Marine x2  
  93  6:50  Marauder x2  
  99  6:55  Terran Infantry Weapons Level 1  
  99  7:01  Supply Depot  
  99  7:02  Siege Tank  
  100  7:12  Marine x2, Marauder x2  
  104  7:18  Viking x2  
  104  7:21  SCV  
  109  7:34  Marine x2, Marauder x2  
  112  7:38  Siege Tank  
  115  7:48  Medivac  
  117  7:57  Command Center  
  117  8:03  Marine  
  117  8:04  Marine, Marauder x2  
  112  8:07  SCV  
  112  8:08  SCV  
  112  8:11  Medivac  
  101  8:18  Medivac  
  104  8:20  SCV x2  
  104  8:23  Barracks  
  104  8:24  Barracks  
  105  8:27  Marine, Marauder x2  
  105  8:28  Marine  
  111  8:37  SCV x2  
  111  8:40  Factory Reactor  
  113  8:43  Concussive Shells  
  113  8:45  Marine x2  
  115  8:49  Marauder x2  
  115  8:51  Medivac  
  115  8:52  Liberator  
  115  8:53  SCV  
  115  8:54  SCV  
  126  8:59  Supply Depot  
  126  9:08  Marine  
  125  9:10  Marauder x2  
  125  9:13  SCV x2  
  112  9:28  Marine x2  
  112  9:30  SCV, Widow Mine  
  109  9:31  Marauder  
  109  9:32  Marauder  
  112  9:39  SCV  
  112  9:42  SCV  
  114  9:49  Marine  
  114  9:50  Barracks Tech Lab, Barracks Reactor  
  115  9:53  Marine, Marauder x2  
  119  10:05  Widow Mine  
  119  10:06  Widow Mine  
  123  10:07  Orbital Command  
  123  10:12  Marauder  
  123  10:14  Marine  
  126  10:25  Marauder x2  
  126  10:26  Marine x2  
  132  10:29  Medivac  
  132  10:31  Widow Mine  
  132  10:35  Widow Mine, Medivac  
  140  10:39  Marine x2, Marauder  
  144  10:43  Marine  
  143  10:52  Widow Mine  
  143  10:54  Marauder  
  143  10:55  Marauder  
  143  10:56  Widow Mine  
  151  11:01  Marine x4, Marauder  
  157  11:13  Widow Mine  
  156  11:20  Supply Depot x2  
  156  11:21  Engineering Bay, Widow Mine, Armory, Medivac x2  
  162  11:28  Marine x2  
  162  11:29  Marine x2, Marauder x3  
  150  11:35  SCV x3  
  146  11:48  Marine x4  
  146  11:50  Marauder x3  
  146  11:53  Widow Mine x2  
  141  12:00  Medivac x2  
  142  12:06  Marine x2  
  129  12:11  Marine, Marauder  
  129  12:12  Marauder x2  
  132  12:18  Widow Mine  
  132  12:19  Widow Mine  
  132  12:21  Reaper  
  137  12:26  Marine x2  
  137  12:28  Marine  
  140  12:32  Marine  
  140  12:33  Marauder x2  
  145  12:39  Terran Infantry Weapons Level 2  
  145  12:41  Terran Infantry Armor Level 1  
  145  12:50  Marine x3  
  145  12:51  Marauder  
  150  12:53  Marine  
  150  12:54  Marauder x2, Medivac x2  
  158  13:08  Marine x3  
  158  13:11  Marine  
  158  13:12  Marauder  
  162  13:22  Marauder x2  
  162  13:26  Marine x3  
  169  13:28  Marine  
  169  13:34  Marauder  
  148  13:43  Marauder x2, Widow Mine x2  
  148  13:44  Marine x3  
  148  13:46  Marine  
  148  13:47  Orbital Command  
  160  13:55  Marauder  
  162  14:01  Marine x2  
  162  14:02  Marine  
  165  14:04  Marine, Marauder  
  165  14:05  Marauder  
  170  14:12  Widow Mine  
  170  14:13  Widow Mine  
  170  14:16  Marauder  
  174  14:19  Marine  
  174  14:20  Marine x2  
  174  14:22  Marine  
  178  14:26  Marauder  
  180  14:32  Marauder  
  180  14:37  Marine  
  180  14:38  Marauder  
  158  14:47  Marine x3, Marauder  
  158  14:51  Widow Mine x2  
  158  14:52  Barracks x2  
  164  14:53  Barracks, Terran Infantry Armor Level 2  
  164  14:54  Marauder  
  164  14:55  Marine  
  164  14:56  Medivac x2  
  164  14:59  Marauder  
  173  15:00  Missile Turret  
  173  15:01  Command Center  
  173  15:03  Sensor Tower  
  173  15:09  Marine x3, Marauder  
  173  15:13  Marine  
  167  15:15  Marauder  
  167  15:17  Widow Mine x2  
  150  15:26  Medivac  
  148  15:31  Marauder x2  
  148  15:34  Marine x4  
  146  15:37  Marauder  
  146  15:38  Widow Mine x2  
  146  15:40  SCV x3  
  146  15:41  Refinery  
  151  15:46  Barracks Tech Lab x2  
  145  15:53  Marine x4  
  149  15:58  Refinery  
  149  16:05  Marine, Widow Mine x2  
  149  16:06  Marauder x2  
  156  16:25  Marine x2, Marauder  
  160  16:30  Ghost Academy  
  160  16:31  Viking x2  
  164  16:33  Marine x3  
  155  16:50  Marine x3, Marauder x4  
  155  16:51  Marine x3  
  167  16:54  Widow Mine  
  167  16:58  Refinery  
  167  16:59  Refinery  
  160  17:14  Refinery, Marauder x3  
  160  17:15  Refinery  
  165  17:16  Marine x2, Marauder  
  165  17:17  Marine x3  
  165  17:18  Marauder  
Show
View Real Time Build Order
Export as new Build Order

Classic Protoss - Winner!

Build Orders: 1 Gate Expand, Phoenix Opening, Colossus Rush 

Get SALT Encoding   

  12  0:00  Probe  
  13  0:12  Probe  
  14  0:17  Pylon  
  14  0:24  Probe (Chrono Boost)  
  15  0:36  Probe (Chrono Boost)  
  15  0:38  Gateway  
  16  0:45  Probe (Chrono Boost)  
  16  0:46  Assimilator  
  17  0:51  Probe  
  18  1:03  Probe  
  19  1:19  Nexus  
  19  1:29  Cybernetics Core  
  19  1:32  Probe  
  20  1:37  Assimilator  
  20  1:44  Pylon  
  20  1:47  Probe  
  21  1:59  Probe  
  22  2:02  Adept (Chrono Boost)  
  24  2:11  Probe  
  24  2:15  Stargate  
  25  2:22  Warp Gate  
  25  2:23  Probe (Chrono Boost)  
  25  2:27  Adept  
  28  2:32  Probe (Chrono Boost)  
  28  2:35  Probe (Chrono Boost)  
  30  2:42  Probe (Chrono Boost)  
  30  2:44  Probe (Chrono Boost)  
  31  2:47  Probe (Chrono Boost)  
  33  2:51  Probe  
  33  2:58  Probe  
  38  3:07  Pylon, Probe  
  38  3:10  Probe  
  40  3:16  Phoenix (Chrono Boost)  
  40  3:18  Robotics Facility  
  40  3:20  Probe  
  40  3:22  Probe  
  40  3:25  Gateway  
  41  3:31  Assimilator  
  41  3:32  Assimilator  
  41  3:33  Phoenix (Chrono Boost)  
  41  3:34  Probe  
  41  3:35  Probe  
  41  3:40  Pylon  
  45  3:46  Probe  
  45  3:47  Probe  
  47  3:58  Probe, Phoenix (Chrono Boost)  
  47  3:59  Probe  
  51  4:10  Robotics Bay, Probe  
  51  4:11  Probe  
  51  4:12  Stalker  
  51  4:16  Immortal (Chrono Boost)  
  59  4:26  Pylon  
  59  4:29  Phoenix  
  61  4:41  Pylon  
  60  4:47  Stalker x2  
  60  4:48  Observer (Chrono Boost)  
  65  4:57  Phoenix  
  67  5:10  Colossus (Chrono Boost)  
  67  5:11  Pylon  
  67  5:12  Zealot x2  
  77  5:21  Probe  
  77  5:24  Pylon  
  77  5:27  Extended Thermal Lance  
  78  5:29  Probe  
  79  5:36  Phoenix  
  79  5:39  Nexus, Observer  
  79  5:41  Probe x2, Pylon  
  83  5:45  Pylon  
  83  5:53  Probe, Colossus (Chrono Boost)  
  84  5:59  Probe  
  91  6:05  Probe  
  91  6:11  Probe  
  93  6:12  Zealot, Sentry  
  93  6:13  Shield Battery  
  93  6:16  Shield Battery  
  93  6:17  Probe  
  98  6:18  Twilight Council  
  98  6:23  Observer  
  98  6:29  Gateway x2  
  98  6:36  Stalker  
  98  6:37  Stalker  
  102  6:44  Observer  
  102  6:45  Pylon  
  100  6:50  Probe x2  
  100  6:51  Charge (Chrono Boost), Probe  
  101  7:00  Shield Battery  
  101  7:01  Gateway  
  101  7:02  Disruptor (Chrono Boost)  
  101  7:04  Gateway  
  101  7:07  Zealot  
  107  7:10  Zealot  
  107  7:15  Shield Battery  
  107  7:30  Zealot x4  
  107  7:33  Phoenix  
  121  7:51  Zealot x4, Pylon  
  123  7:52  Pylon  
  102  8:11  Stalker x4  
  102  8:17  Probe x3  
  105  8:23  Templar Archives  
  105  8:25  Forge  
  105  8:26  Warp Prism (Chrono Boost)  
  107  8:39  Probe x2  
  109  8:44  Nexus  
  109  8:50  Sentry  
  109  8:51  Zealot x3  
  109  8:55  Protoss Ground Weapons Level 1 (Chrono Boost)  
  117  8:56  Zealot x2  
  117  9:02  Probe x3  
  120  9:14  Probe  
  120  9:15  Probe x2  
  111  9:20  Disruptor (Chrono Boost)  
  111  9:21  Zealot x6  
  87  9:40  Blink  
  87  9:44  Probe x2  
  87  9:47  Zealot x4  
  87  9:48  Zealot x2  
  87  9:51  Gateway  
  87  9:52  Disruptor (Chrono Boost)  
  97  9:53  Gateway  
  91  10:02  Pylon  
  89  10:09  Stalker x3, Sentry x2  
  89  10:11  Stalker  
  101  10:20  Disruptor (Chrono Boost)  
  105  10:24  Pylon  
  103  10:29  Forge  
  103  10:32  Stalker x5  
  111  10:36  Phoenix (Chrono Boost)  
  111  10:42  Zealot  
  113  10:51  Observer (Chrono Boost)  
  113  10:56  Zealot x7  
  126  11:02  Nexus  
  126  11:09  Protoss Ground Weapons Level 2 (Chrono Boost)  
  125  11:15  Zealot  
  125  11:16  Zealot x6, Protoss Ground Armor Level 1 (Chrono Boost)  
  125  11:18  Zealot  
  141  11:19  Observer (Chrono Boost)  
  136  11:37  Zealot x2  
  136  11:38  Zealot x5  
  148  11:42  Disruptor (Chrono Boost)  
  120  11:55  Zealot  
  120  11:57  Zealot x2  
  120  11:58  Zealot x5  
  104  12:15  Disruptor (Chrono Boost)  
  92  12:18  Zealot x8  
  92  12:22  Robotics Facility  
  108  12:41  Disruptor (Chrono Boost)  
  112  12:47  Stalker x6  
  112  12:48  Stalker  
  112  12:50  Zealot  
  128  13:10  Disruptor (Chrono Boost)  
  120  13:19  Zealot x8  
  136  13:24  Disruptor (Chrono Boost)  
  130  13:41  Zealot x8  
  130  13:43  Nexus  
  146  13:48  Disruptor (Chrono Boost), Protoss Ground Weapons Level 3 (Chrono Boost)  
  154  14:03  Disruptor (Chrono Boost)  
  154  14:14  Zealot  
  154  14:15  Zealot x5, Pylon  
  162  14:20  Zealot x2  
  164  14:24  Pylon  
  164  14:25  Pylon  
  164  14:26  Pylon  
  144  14:47  Colossus x2 (Chrono Boost)  
  157  14:52  Probe  
  157  14:53  Probe x3  
  157  14:58  Zealot x5  
  157  14:59  Sentry  
  172  15:07  Stalker x2  
  134  15:26  Zealot x4  
  134  15:27  Zealot x2  
  140  15:33  Colossus x2 (Chrono Boost)  
  130  15:41  Zealot x2  
  138  16:03  Pylon  
  138  16:04  Zealot x2  
  138  16:05  Zealot x6  
  154  16:18  Warp Prism (Chrono Boost), Disruptor (Chrono Boost)  
  160  16:26  Nexus  
  160  16:29  Zealot x5  
  160  16:31  Stalker  
  164  16:52  Stalker x6  
  174  16:54  Zealot x2  
  174  16:56  Assimilator  
  176  17:15  Zealot x4  
  176  17:16  Zealot x4  
  158  17:37  Zealot x8  
Tags
 
Add a new tag
Caveats
  • Supply blocks, unpowered buildings, or Contaminate may cause inaccurate times.
  • Supply counts are checked every 10 seconds.